Bruins vs Flyers
Created - November 26, 2019 at 19:02
Goals
|
Bruins |
0 |
1 |
0 |
1 |
Flyers |
0 |
1 |
1 |
2 |
|
Shots
|
Bruins |
4 |
17 |
9 |
30 |
Flyers |
11 |
13 |
12 |
36 |
|
1st period
No Goal
Penalties :
Mats Zuccarello (Phi) for Hooking (Minor) at 0:33, Brian Lashoff (Phi) for Hooking (Minor) at 8:35, Brendan Smith (Bos) for Tripping (Minor) at 13:47
2nd period
1. Flyers , Marcus Kruger 9 (J.T. Miller 8, Mats Zuccarello 12) at 2:34
2. Bruins , Wojtek Wolski 7 (Brendan Smith 10, Victor Oreskovich 6) at 19:13 (PP)
Penalties :
Nathan Horton (Bos) for Hooking (Minor) at 9:34, Matt Smaby (Phi) for High sticking (Minor) at 19:02
3rd period
3. Flyers , Mats Zuccarello 5 (J.T. Miller 9, Jonathan Ericsson 8) at 15:57
Penalties :
Shane O'Brien (Bos) for Tripping (Minor) at 2:28, T.J Galiardi (Bos) for Holding Stick (Minor) at 17:56
Goalie Stats
Kevin Poulin (Bos), 34 saves from 36 shots - (0.944), L, 4-6-1, 60:00 minutes
Steve Mason (Phi), 29 saves from 30 shots - (0.967), W, 7-6-0, 60:00 minutes
Players Stats for Bruins
Player Name G A P +/- PIM S H SB GA TA FO MP PP MP PK MP
------------------------------------------------------------------------------------
Brendan Smith 0 1 1 -1 2 1 1 2 1 0 0/0 24:53 2:35 3:24
Casey Cizikas 0 0 0 0 0 2 0 0 0 0 2/5 8:01 0:00 0:11
Dave Bolland 0 0 0 -2 0 1 1 0 1 0 2/3 11:38 0:03 0:00
Jason Demers 0 0 0 -1 0 2 0 2 1 0 0/0 25:55 2:35 4:26
Johnny Boychuk 0 0 0 -1 0 0 0 0 0 0 0/0 13:38 0:00 0:12
Jonathan Toews 0 0 0 0 0 6 1 0 0 1 12/29 19:01 2:25 0:00
Kevin Bieksa 0 0 0 -1 0 0 2 0 0 0 0/0 15:14 0:00 1:49
Kris Chucko 0 0 0 0 0 2 0 0 0 0 0/0 8:47 0:00 0:57
Mattias Tedenby 0 0 0 0 0 0 2 0 0 0 0/0 7:46 0:00 0:00
Mike Ribeiro 0 0 0 0 0 0 1 0 1 0 6/10 13:23 1:44 0:00
Nathan Horton 0 0 0 0 2 3 1 1 0 0 0/0 21:58 1:44 3:21
Rene Bourque 0 0 0 -2 0 0 0 0 0 0 0/0 11:35 0:00 0:00
Scott Hartnell 0 0 0 0 0 1 1 0 0 0 0/0 15:29 1:44 1:58
Shane O'Brien 0 0 0 0 2 1 0 2 0 0 0/0 19:51 1:34 2:35
T.J Galiardi 0 0 0 -2 2 2 4 0 0 0 1/1 13:55 0:00 2:17
Torey Krug 0 0 0 0 0 2 2 1 0 1 0/0 20:36 1:34 3:26
Victor Oreskovich 0 1 1 0 0 3 2 0 2 1 1/2 16:02 2:22 1:58
Wojtek Wolski 1 0 1 0 0 4 2 1 3 1 4/9 24:18 2:25 5:10
Players Stats for Flyers
Player Name G A P +/- PIM S H SB GA TA FO MP PP MP PK MP
------------------------------------------------------------------------------------
Brian Lashoff 0 0 0 1 2 1 1 1 0 0 0/0 12:11 0:00 1:26
Brock Nelson 0 0 0 0 0 1 1 1 0 0 0/0 13:33 0:00 0:00
Chris Mcallister 0 0 0 0 0 2 2 0 0 0 0/1 10:45 0:00 2:16
Drew Miller 0 0 0 0 0 3 2 0 0 0 0/0 19:01 4:37 1:34
J.T. Miller 0 2 2 2 0 1 0 1 0 0 0/1 16:41 3:19 0:19
Jakub Voracek 0 0 0 0 0 3 2 0 0 0 0/0 17:27 4:37 0:00
Jeff Carter 0 0 0 0 0 2 1 0 0 2 11/20 17:27 4:37 0:00
Jeff Woywitka 0 0 0 1 0 2 1 1 0 0 0/0 20:43 5:16 2:40
Jonathan Ericsson 0 1 1 1 0 3 0 0 1 2 0/0 24:28 5:16 0:00
Kyle Wellwood 0 0 0 0 0 4 2 0 0 0 5/11 15:07 0:00 1:34
Marcus Kruger 1 0 1 2 0 7 2 0 1 1 10/16 16:41 3:19 0:19
Mats Zuccarello 1 1 2 2 2 3 2 0 0 0 0/0 16:26 3:19 0:00
Matt Smaby 0 0 0 1 2 0 4 4 2 2 0/0 21:12 0:00 1:29
Matthew Lombardi 0 0 0 0 0 0 3 0 0 1 5/9 10:45 0:00 2:16
Nathan Beaulieu 0 0 0 0 0 2 1 2 0 0 0/0 19:19 2:40 1:14
Oliver Ekman-Larsson 0 0 0 0 0 0 2 1 0 1 0/0 22:06 2:40 1:29
Ryan Callahan 0 0 0 0 0 0 1 0 0 0 0/0 8:23 0:00 0:00
Tomas Kubalik 0 0 0 0 0 2 1 1 0 0 0/1 13:33 0:00 0:00
3 Stars
1 - Steve Mason (Phi)
2 - Mats Zuccarello (Phi)
3 - Marcus Kruger (Phi)
Power Play
Bruins - 1 on 3 Attempt(s) - 33.33%
Flyers - 0 on 4 Attempt(s) - 0.00%
Penalty Kill
Bruins - 4 on 4 Attempt(s) - 100.00%
- Score 0 goal in Penalty Kill
Flyers - 2 on 3 Attempt(s) - 66.67%
- Score 0 goal in Penalty Kill
Team Stat
Bruins - Hits : 20 - Faceoff Wins : 28 - Blocked Shots : 9 - Penalty Minutes : 8
Flyers - Hits : 28 - Faceoff Wins : 31 - Blocked Shots : 12 - Penalty Minutes : 6
Official
Referees : Unknown
Linesman : Unknown
Game Notes
No Game Note
Finance
Level 1 -- Attendance: 4447 (74.12%) -- Ticket Income $555,875
Level 2 -- Attendance: 4036 (80.72%) -- Ticket Income $302,700
Level 3 -- Attendance: 1592 (79.60%) -- Ticket Income $79,600
Level 4 -- Attendance: 2418 (60.45%) -- Ticket Income $96,720
Luxury Box -- Attendance: 978 (97.80%) -- Ticket Income $176,040
Game was played at the Wells Fargo Center.
Total Attendance: 13471 (74.84%)
Total Ticket Income: $1,210,935
Other Income: $181,640
Total Income: $1,392,575
Bruins
5 vs 5 Forward
Center Left Wing Right Wing Time % Phy DF OF
1 Jonathan Toews Wojtek Wolski Nathan Horton 40 0 1 4
2 Mike Ribeiro Scott Hartnell Victor Oreskovich 30 0 2 3
3 Dave Bolland T.J Galiardi Rene Bourque 20 1 2 2
4 Casey Cizikas Kris Chucko Mattias Tedenby 10 1 2 2
5 vs 5 Defense
Defense Defense Time % Phy DF OF
1 Jason Demers Brendan Smith 40 0 3 2
2 Shane O'Brien Torey Krug 30 0 3 2
3 Johnny Boychuk Kevin Bieksa 20 0 3 2
4 Jason Demers Brendan Smith 10 1 2 2
PowerPlay Forward
Center Left Wing Right Wing Time % Phy DF OF
1 Jonathan Toews Wojtek Wolski Victor Oreskovich 60 0 1 4
2 Mike Ribeiro Scott Hartnell Nathan Horton 40 0 1 4
PowerPlay Defense
Defense Defense Time % Phy DF OF
1 Jason Demers Brendan Smith 60 0 2 3
2 Shane O'Brien Torey Krug 40 0 2 3
Penalty Kill 4 Players Forward
Center Wing Time % Phy DF OF
1 Wojtek Wolski Nathan Horton 60 1 3 1
2 Victor Oreskovich Scott Hartnell 40 1 3 1
Penalty Kill 4 Players Defense
Defense Defense Time % Phy DF OF
1 Jason Demers Brendan Smith 60 0 4 1
2 Shane O'Brien Torey Krug 40 0 4 1
Penalty Kill - 3 Players Forward
Forward Time % Phy DF OF
1 Wojtek Wolski 60 0 4 1
2 Jonathan Toews 40 0 4 1
Penalty Kill - 3 Players Defense
Defense Defense Time % Phy DF OF
1 Jason Demers Brendan Smith 60 0 5 0
2 Shane O'Brien Torey Krug 40 0 5 0
4 vs 4 Forward
Center Wing Time % Phy DF OF
1 Jonathan Toews Wojtek Wolski 60 1 2 2
2 Mike Ribeiro Scott Hartnell 40 1 2 2
4 vs 4 Defense
Defense Defense Time % Phy DF OF
1 Jason Demers Brendan Smith 60 1 2 2
2 Shane O'Brien Torey Krug 40 1 2 2
Last Minutes Offensive
Center Left Wing Right Wing Defense Defense
Jonathan Toews Wojtek Wolski Victor Oreskovich Jason Demers Brendan Smith
Last Minutes Defensive
Center Left Wing Right Wing Defense Defense
Jonathan Toews Wojtek Wolski Victor Oreskovich Jason Demers Brendan Smith
Goaltenders
Starting : Kevin Poulin
Backup : Josh Tordjman
Extra Forwards
Normal : Dave Bolland, Rene Bourque, T.J Galiardi - PP : Dave Bolland, Rene Bourque - PK : T.J Galiardi
Extra Defensemen
Normal : Johnny Boychuk, Kevin Bieksa, Shane O'Brien - PP : Johnny Boychuk - PK : Kevin Bieksa, Shane O'Brien
Penalty Shots
Wojtek Wolski, Jonathan Toews, Victor Oreskovich, Scott Hartnell, Mike Ribeiro
Scratches
None
Flyers
5 vs 5 Forward
Center Left Wing Right Wing Time % Phy DF OF
1 Jeff Carter Drew Miller Jakub Voracek 30 0 1 4
2 Marcus Kruger J.T. Miller Mats Zuccarello 30 0 1 4
3 Kyle Wellwood Brock Nelson Tomas Kubalik 30 0 2 3
4 Matthew Lombardi Chris Mcallister Ryan Callahan 10 1 3 1
5 vs 5 Defense
Defense Defense Time % Phy DF OF
1 Matt Smaby Jonathan Ericsson 40 1 2 2
2 Nathan Beaulieu Oliver Ekman-Larsson 30 1 2 2
3 Brian Lashoff Jeff Woywitka 20 1 2 2
4 Oliver Ekman-Larsson Jeff Woywitka 10 1 2 2
PowerPlay Forward
Center Left Wing Right Wing Time % Phy DF OF
1 Jeff Carter Drew Miller Jakub Voracek 60 0 0 5
2 Marcus Kruger J.T. Miller Mats Zuccarello 40 0 0 5
PowerPlay Defense
Defense Defense Time % Phy DF OF
1 Jonathan Ericsson Jeff Woywitka 60 0 2 3
2 Oliver Ekman-Larsson Nathan Beaulieu 40 0 2 3
Penalty Kill 4 Players Forward
Center Wing Time % Phy DF OF
1 Matthew Lombardi Chris Mcallister 60 0 4 1
2 Kyle Wellwood Drew Miller 40 0 4 1
Penalty Kill 4 Players Defense
Defense Defense Time % Phy DF OF
1 Brian Lashoff Jeff Woywitka 60 1 4 0
2 Matt Smaby Oliver Ekman-Larsson 40 1 4 0
Penalty Kill - 3 Players Forward
Forward Time % Phy DF OF
1 Matthew Lombardi 60 0 4 1
2 Kyle Wellwood 40 0 4 1
Penalty Kill - 3 Players Defense
Defense Defense Time % Phy DF OF
1 Brian Lashoff Jeff Woywitka 60 1 4 0
2 Matt Smaby Oliver Ekman-Larsson 40 1 4 0
4 vs 4 Forward
Center Wing Time % Phy DF OF
1 Jeff Carter J.T. Miller 60 0 2 3
2 Marcus Kruger Drew Miller 40 0 2 3
4 vs 4 Defense
Defense Defense Time % Phy DF OF
1 Jonathan Ericsson Matt Smaby 60 0 3 2
2 Nathan Beaulieu Oliver Ekman-Larsson 40 0 3 2
Last Minutes Offensive
Center Left Wing Right Wing Defense Defense
Jeff Carter Drew Miller Jakub Voracek Oliver Ekman-Larsson Jeff Woywitka
Last Minutes Defensive
Center Left Wing Right Wing Defense Defense
Jeff Carter Drew Miller Jakub Voracek Oliver Ekman-Larsson Jeff Woywitka
Goaltenders
Starting : Steve Mason
Backup : Cam Ward
Extra Forwards
Normal : Jeff Carter, Chris Mcallister, Kyle Wellwood - PP : Jeff Carter, Chris Mcallister - PK : Kyle Wellwood
Extra Defensemen
Normal : Brian Lashoff, Nathan Beaulieu, Matt Smaby - PP : Brian Lashoff - PK : Nathan Beaulieu, Matt Smaby
Penalty Shots
Jeff Carter, Jakub Voracek, J.T. Miller, Kyle Wellwood, Ryan Callahan
Scratches
Tyler Brenner (Healthy)
% Time on Ice - Bruins
Lines # - Real PCT - Wanted PCT - Time Play
Normal Forward
1 - 35% - 40% - 16:47
2 - 25% - 30% - 11:47
3 - 24% - 20% - 11:35
4 - 16% - 10% - 7:46
Normal Defense
1 - 37% - 40% - 17:54
2 - 33% - 30% - 15:59
3 - 26% - 20% - 12:28
4 - 3% - 10% - 1:34
PP Forward
1 - 58% - 60% - 2:25
2 - 42% - 40% - 1:44
PP Defense
1 - 62% - 60% - 2:35
2 - 38% - 40% - 1:34
PK Forward
1 - 75% - 60% - 5:58
2 - 25% - 40% - 1:58
PK Defense
1 - 56% - 60% - 4:26
2 - 44% - 40% - 3:30
PK3 Forward
1 - 0% - 60%
2 - 0% - 40%
PK3 Defense
1 - 0% - 60%
2 - 0% - 40%
44 Forward
1 - 0% - 60%
2 - 0% - 40%
44 Defense
1 - 0% - 60%
2 - 0% - 40%
Last Minute Offensive - 0:00
Last Minute Defensive - 0:00
Total
Forward - 60:00
Defense - 60:00
|
% Time on Ice - Flyers
Lines # - Real PCT - Wanted PCT - Time Play
Normal Forward
1 - 27% - 30% - 12:57
2 - 27% - 30% - 13:02
3 - 28% - 30% - 13:33
4 - 17% - 10% - 8:23
Normal Defense
1 - 43% - 40% - 20:35
2 - 32% - 30% - 15:14
3 - 18% - 20% - 8:48
4 - 7% - 10% - 3:18
PP Forward
1 - 58% - 60% - 4:37
2 - 42% - 40% - 3:19
PP Defense
1 - 66% - 60% - 5:16
2 - 34% - 40% - 2:40
PK Forward
1 - 62% - 60% - 2:35
2 - 38% - 40% - 1:34
PK Defense
1 - 64% - 60% - 2:40
2 - 36% - 40% - 1:29
PK3 Forward
1 - 0% - 60%
2 - 0% - 40%
PK3 Defense
1 - 0% - 60%
2 - 0% - 40%
44 Forward
1 - 0% - 60%
2 - 0% - 40%
44 Defense
1 - 0% - 60%
2 - 0% - 40%
Last Minute Offensive - 0:00
Last Minute Defensive - 0:00
Total
Forward - 60:00
Defense - 60:00
|
Play-by-Play
1st period
0:01 of 1st period - Jonathan Toews wins face-off versus Jeff Carter in neutral zone.
0:28 of 1st period - Slapshot by Dave Bolland.
0:28 of 1st period - Stopped by Steve Mason without a rebound.
0:29 of 1st period - Mike Ribeiro wins face-off versus Marcus Kruger in Flyers zone.
0:33 of 1st period - Minor Penalty to Mats Zuccarello for Hooking.
0:34 of 1st period - Jonathan Toews wins face-off versus Matthew Lombardi in Flyers zone.
1:00 of 1st period - Jason Demers is hit by Brian Lashoff and loses puck.
1:29 of 1st period - Jonathan Toews is hit by Matt Smaby and loses puck.
2:33 of 1st period - Penalty to Mats Zuccarello is over, Mats Zuccarello is back on ice.
3:04 of 1st period - Johnny Boychuk is hit by Kyle Wellwood and loses puck.
3:31 of 1st period - Nathan Horton is hit by Mats Zuccarello and loses puck.
4:49 of 1st period - Mike Ribeiro is hit by Drew Miller.
5:18 of 1st period - Torey Krug is hit by Chris Mcallister and loses puck.
5:41 of 1st period - Slapshot by Jeff Carter.
5:41 of 1st period - Shot Blocked by Torey Krug.
5:43 of 1st period - Snap shot by Jakub Voracek.
5:43 of 1st period - Stopped by Kevin Poulin with a rebound.
6:13 of 1st period - Mike Ribeiro is hit by Kyle Wellwood.
6:19 of 1st period - Snap shot by Victor Oreskovich.
6:19 of 1st period - Stopped by Steve Mason without a rebound.
6:20 of 1st period - Jeff Carter wins face-off versus Jonathan Toews in Flyers zone.
6:29 of 1st period - Slapshot by Jakub Voracek.
6:29 of 1st period - Stopped by Kevin Poulin with a rebound.
6:31 of 1st period - Slapshot by Drew Miller.
6:31 of 1st period - Stopped by Kevin Poulin with a rebound.
6:33 of 1st period - Slapshot by Jonathan Ericsson.
6:33 of 1st period - Stopped by Kevin Poulin without a rebound.
6:34 of 1st period - Kyle Wellwood wins face-off versus Victor Oreskovich in Bruins zone.
6:35 of 1st period - Snap shot by Tomas Kubalik.
6:35 of 1st period - Stopped by Kevin Poulin with a rebound.
6:37 of 1st period - Slapshot by Jonathan Ericsson.
6:37 of 1st period - Stopped by Kevin Poulin without a rebound.
6:38 of 1st period - Mike Ribeiro wins face-off versus Kyle Wellwood in Bruins zone.
8:11 of 1st period - Snap shot by Marcus Kruger.
8:11 of 1st period - Stopped by Kevin Poulin without a rebound.
8:12 of 1st period - Marcus Kruger wins face-off versus Jonathan Toews in Bruins zone.
8:15 of 1st period - Slapshot by Mats Zuccarello.
8:15 of 1st period - Shot Misses the Net.
8:35 of 1st period - Minor Penalty to Brian Lashoff for Hooking.
8:36 of 1st period - Matthew Lombardi wins face-off versus Jonathan Toews in Flyers zone.
8:47 of 1st period - Wrist shot by Wojtek Wolski.
8:47 of 1st period - Shot Blocked by Jeff Woywitka.
8:51 of 1st period - Snap shot by Wojtek Wolski.
8:51 of 1st period - Deflect By Jonathan Toews.
8:51 of 1st period - Shot Blocked by Nathan Beaulieu.
8:51 of 1st period - Puck is out of play.
8:52 of 1st period - Matthew Lombardi wins face-off versus Jonathan Toews in Flyers zone.
8:52 of 1st period - Matthew Lombardi is hit by Victor Oreskovich.
9:06 of 1st period - Wrist shot by Victor Oreskovich.
9:06 of 1st period - Stopped by Steve Mason with a rebound.
9:16 of 1st period - Drew Miller is hit by Brendan Smith and loses puck.
9:23 of 1st period - Snap shot by Scott Hartnell.
9:23 of 1st period - Shot Misses the Net.
9:25 of 1st period - Snap shot by Nathan Horton.
9:25 of 1st period - Shot Blocked by Nathan Beaulieu.
10:35 of 1st period - Penalty to Brian Lashoff is over, Brian Lashoff is back on ice.
10:41 of 1st period - J.T. Miller is hit by T.J Galiardi and loses puck.
11:02 of 1st period - Icing by Casey Cizikas.
11:03 of 1st period - Casey Cizikas wins face-off versus Kyle Wellwood in Bruins zone.
11:12 of 1st period - Wrist shot by Mattias Tedenby.
11:12 of 1st period - Shot Misses the Net.
11:37 of 1st period - Victor Oreskovich is hit by Drew Miller and loses puck.
12:25 of 1st period - Jason Demers is hit by Matthew Lombardi and loses puck.
12:40 of 1st period - Snap shot by Dave Bolland.
12:40 of 1st period - Shot Blocked by Matt Smaby.
12:50 of 1st period - T.J Galiardi is hit by Matt Smaby and loses puck.
13:24 of 1st period - Oliver Ekman-Larsson is hit by Mike Ribeiro.
13:47 of 1st period - Minor Penalty to Brendan Smith for Tripping.
13:48 of 1st period - Wojtek Wolski wins face-off versus Jeff Carter in Bruins zone.
14:24 of 1st period - Snap shot by Jakub Voracek.
14:24 of 1st period - Shot Blocked by Nathan Horton.
14:26 of 1st period - Slapshot by Jonathan Ericsson.
14:26 of 1st period - Stopped by Kevin Poulin without a rebound.
14:27 of 1st period - Marcus Kruger wins face-off versus Wojtek Wolski in Bruins zone.
15:47 of 1st period - Penalty to Brendan Smith is over, Brendan Smith is back on ice.
15:54 of 1st period - Brendan Smith is hit by Brock Nelson and loses puck.
16:12 of 1st period - Off-side.
16:13 of 1st period - Casey Cizikas wins face-off versus Matthew Lombardi in neutral zone.
16:20 of 1st period - Wrist shot by Casey Cizikas.
16:20 of 1st period - Shot Misses the Net.
16:22 of 1st period - Snap shot by Shane O'Brien.
16:22 of 1st period - Shot Misses the Net.
16:24 of 1st period - Wrist shot by Casey Cizikas.
16:24 of 1st period - Stopped by Steve Mason with a rebound.
17:41 of 1st period - Scott Hartnell is hit by Matt Smaby and loses puck.
18:24 of 1st period - Slapshot by Mats Zuccarello.
18:24 of 1st period - Stopped by Kevin Poulin with a rebound.
19:30 of 1st period - Off-side.
19:31 of 1st period - Jonathan Toews wins face-off versus Chris Mcallister in neutral zone.
19:45 of 1st period - Off-side.
19:46 of 1st period - Kyle Wellwood wins face-off versus Jonathan Toews in neutral zone.
19:55 of 1st period - Snap shot by Tomas Kubalik.
19:55 of 1st period - Shot Blocked by Jason Demers.
19:57 of 1st period - Snap shot by Kyle Wellwood.
19:57 of 1st period - Stopped by Kevin Poulin with a rebound.
19:59 of 1st period - Wrist shot by Tomas Kubalik.
19:59 of 1st period - Stopped by Kevin Poulin with a rebound.
Goals for this period are 0 for Bruins vs 0 for Flyers.
Shots for this period are 4 for Bruins vs 11 for Flyers.
2nd period
0:01 of 2nd period - Jeff Carter wins face-off versus Jonathan Toews in neutral zone.
0:08 of 2nd period - Wrist shot by Wojtek Wolski.
0:08 of 2nd period - Deflect By Nathan Horton.
0:08 of 2nd period - Shot Blocked by Matt Smaby.
0:08 of 2nd period - Puck is out of play.
0:09 of 2nd period - Jeff Carter wins face-off versus Jonathan Toews in Flyers zone.
0:09 of 2nd period - Jeff Carter is hit by Nathan Horton.
1:20 of 2nd period - Slapshot by Wojtek Wolski.
1:20 of 2nd period - Stopped by Steve Mason without a rebound.
1:21 of 2nd period - Mike Ribeiro wins face-off versus Kyle Wellwood in Flyers zone.
2:11 of 2nd period - Mats Zuccarello is hit by T.J Galiardi and loses puck.
2:16 of 2nd period - Slapshot by T.J Galiardi.
2:16 of 2nd period - Stopped by Steve Mason without a rebound.
2:17 of 2nd period - Dave Bolland wins face-off versus Marcus Kruger in Flyers zone.
2:18 of 2nd period - Snap shot by T.J Galiardi.
2:18 of 2nd period - Shot Misses the Net.
2:20 of 2nd period - Slapshot by Torey Krug.
2:20 of 2nd period - Stopped by Steve Mason with a rebound.
2:22 of 2nd period - Snap shot by T.J Galiardi.
2:22 of 2nd period - Shot Misses the Net.
2:24 of 2nd period - Snap shot by Shane O'Brien.
2:24 of 2nd period - Stopped by Steve Mason without a rebound.
2:25 of 2nd period - T.J Galiardi wins face-off versus Marcus Kruger in Flyers zone.
2:26 of 2nd period - Slapshot by Dave Bolland.
2:26 of 2nd period - Shot Misses the Net.
2:34 of 2nd period - Backhand shot by Marcus Kruger.
2:34 of 2nd period - Goal by Marcus Kruger - Bruins : 0 - Flyers : 1.
2:35 of 2nd period - Jonathan Toews wins face-off versus Kyle Wellwood in neutral zone.
3:43 of 2nd period - Kris Chucko is hit by Chris Mcallister and loses puck.
5:17 of 2nd period - Snap shot by Chris Mcallister.
5:17 of 2nd period - Stopped by Kevin Poulin with a rebound.
5:33 of 2nd period - Wrist shot by Wojtek Wolski.
5:33 of 2nd period - Shot Hit the Post.
5:35 of 2nd period - Slapshot by Wojtek Wolski.
5:35 of 2nd period - Stopped by Steve Mason without a rebound.
5:36 of 2nd period - Marcus Kruger wins face-off versus Jonathan Toews in Flyers zone.
5:53 of 2nd period - Wojtek Wolski is hit by Mats Zuccarello.
6:28 of 2nd period - Icing by Rene Bourque.
6:29 of 2nd period - Jeff Carter wins face-off versus Casey Cizikas in Bruins zone.
7:02 of 2nd period - Oliver Ekman-Larsson is hit by Victor Oreskovich and loses puck.
7:23 of 2nd period - Wrist shot by T.J Galiardi.
7:23 of 2nd period - Stopped by Steve Mason without a rebound.
7:24 of 2nd period - Marcus Kruger wins face-off versus Dave Bolland in Flyers zone.
7:32 of 2nd period - Snap shot by J.T. Miller.
7:32 of 2nd period - Shot Misses the Net.
7:34 of 2nd period - Snap shot by Marcus Kruger.
7:34 of 2nd period - Stopped by Kevin Poulin with a rebound.
7:36 of 2nd period - Wrist shot by Marcus Kruger.
7:36 of 2nd period - Stopped by Kevin Poulin without a rebound.
7:37 of 2nd period - Jonathan Toews wins face-off versus J.T. Miller in Bruins zone.
7:44 of 2nd period - Slapshot by Jason Demers.
7:44 of 2nd period - Shot Misses the Net.
8:04 of 2nd period - Victor Oreskovich is hit by Tomas Kubalik.
9:10 of 2nd period - Slapshot by Nathan Beaulieu.
9:10 of 2nd period - Stopped by Kevin Poulin without a rebound.
9:11 of 2nd period - Jonathan Toews wins face-off versus Marcus Kruger in Bruins zone.
9:34 of 2nd period - Minor Penalty to Nathan Horton for Hooking.
9:35 of 2nd period - Jeff Carter wins face-off versus Wojtek Wolski in Bruins zone.
9:36 of 2nd period - Snap shot by Jakub Voracek.
9:36 of 2nd period - Deflect By Jeff Carter.
9:36 of 2nd period - Stopped by Kevin Poulin with a rebound.
9:48 of 2nd period - Snap shot by Jakub Voracek.
9:48 of 2nd period - Shot Blocked by Wojtek Wolski.
9:50 of 2nd period - Snap shot by Jeff Carter.
9:50 of 2nd period - Shot Blocked by Brendan Smith.
9:52 of 2nd period - Slapshot by Jeff Woywitka.
9:52 of 2nd period - Stopped by Kevin Poulin without a rebound.
9:53 of 2nd period - Marcus Kruger wins face-off versus Wojtek Wolski in Bruins zone.
10:24 of 2nd period - Snap shot by Drew Miller.
10:24 of 2nd period - Stopped by Kevin Poulin without a rebound.
10:25 of 2nd period - Wojtek Wolski wins face-off versus Jeff Carter in Bruins zone.
10:25 of 2nd period - Wojtek Wolski is hit by Oliver Ekman-Larsson.
10:37 of 2nd period - Slapshot by Oliver Ekman-Larsson.
10:37 of 2nd period - Shot Blocked by Shane O'Brien.
10:39 of 2nd period - Snap shot by Drew Miller.
10:39 of 2nd period - Shot Misses the Net.
10:41 of 2nd period - Backhand shot by Nathan Beaulieu.
10:41 of 2nd period - Deflect By Jeff Carter.
10:41 of 2nd period - Stopped by Kevin Poulin with a rebound.
10:51 of 2nd period - Wojtek Wolski is hit by Oliver Ekman-Larsson and loses puck.
10:58 of 2nd period - Wrist shot by Mats Zuccarello.
10:58 of 2nd period - Shot Misses the Net.
11:12 of 2nd period - Torey Krug is hit by Jakub Voracek and loses puck.
11:34 of 2nd period - Penalty to Nathan Horton is over, Nathan Horton is back on ice.
11:47 of 2nd period - Slapshot by Mattias Tedenby.
11:47 of 2nd period - Deflect By Casey Cizikas.
11:47 of 2nd period - Stopped by Steve Mason with a rebound.
12:05 of 2nd period - Snap shot by Victor Oreskovich.
12:05 of 2nd period - Stopped by Steve Mason without a rebound.
12:06 of 2nd period - Mike Ribeiro wins face-off versus Matthew Lombardi in Flyers zone.
12:11 of 2nd period - Wrist shot by Scott Hartnell.
12:11 of 2nd period - Stopped by Steve Mason with a rebound.
12:31 of 2nd period - Snap shot by Mattias Tedenby.
12:31 of 2nd period - Shot Misses the Net.
12:33 of 2nd period - Snap shot by Kris Chucko.
12:33 of 2nd period - Shot Misses the Net.
12:35 of 2nd period - Slapshot by Torey Krug.
12:35 of 2nd period - Stopped by Steve Mason with a rebound.
12:39 of 2nd period - Snap shot by Kris Chucko.
12:39 of 2nd period - Stopped by Steve Mason with a rebound.
13:35 of 2nd period - Snap shot by Brock Nelson.
13:35 of 2nd period - Stopped by Kevin Poulin without a rebound.
13:36 of 2nd period - Jonathan Toews wins face-off versus Kyle Wellwood in Bruins zone.
13:41 of 2nd period - Brock Nelson is hit by Jonathan Toews and loses puck.
13:46 of 2nd period - Snap shot by Jonathan Toews.
13:46 of 2nd period - Stopped by Steve Mason with a rebound.
13:48 of 2nd period - Wrist shot by Jason Demers.
13:48 of 2nd period - Shot Blocked by Tomas Kubalik.
13:50 of 2nd period - Slapshot by Wojtek Wolski.
13:50 of 2nd period - Shot Misses the Net.
13:52 of 2nd period - Slapshot by Brendan Smith.
13:52 of 2nd period - Stopped by Steve Mason with a rebound.
14:27 of 2nd period - Backhand shot by Drew Miller.
14:27 of 2nd period - Stopped by Kevin Poulin with a rebound.
14:51 of 2nd period - Snap shot by Nathan Horton.
14:51 of 2nd period - Shot Blocked by Matt Smaby.
15:48 of 2nd period - Matt Smaby is hit by Dave Bolland and loses puck.
16:09 of 2nd period - Slapshot by Marcus Kruger.
16:09 of 2nd period - Stopped by Kevin Poulin without a rebound.
16:10 of 2nd period - Jeff Carter wins face-off versus Jonathan Toews in Bruins zone.
16:38 of 2nd period - Off-side.
16:39 of 2nd period - Mike Ribeiro wins face-off versus Tomas Kubalik in neutral zone.
16:52 of 2nd period - Snap shot by Scott Hartnell.
16:52 of 2nd period - Deflect By Victor Oreskovich.
16:52 of 2nd period - Shot Blocked by Brian Lashoff.
16:52 of 2nd period - Puck is out of play.
16:53 of 2nd period - Jonathan Toews wins face-off versus Jeff Carter in Flyers zone.
16:54 of 2nd period - Snap shot by Wojtek Wolski.
16:54 of 2nd period - Shot Misses the Net.
16:56 of 2nd period - Wrist shot by Nathan Horton.
16:56 of 2nd period - Stopped by Steve Mason without a rebound.
16:57 of 2nd period - Jonathan Toews wins face-off versus Jeff Carter in Flyers zone.
17:45 of 2nd period - Jason Demers is hit by Marcus Kruger and loses puck.
18:23 of 2nd period - Icing by Nathan Horton.
18:24 of 2nd period - Jonathan Toews wins face-off versus Matthew Lombardi in Bruins zone.
18:24 of 2nd period - Jonathan Toews is hit by Matt Smaby.
18:47 of 2nd period - Snap shot by Chris Mcallister.
18:47 of 2nd period - Stopped by Kevin Poulin with a rebound.
18:59 of 2nd period - Wrist shot by Nathan Horton.
18:59 of 2nd period - Stopped by Steve Mason without a rebound.
19:00 of 2nd period - Jeff Carter wins face-off versus Mike Ribeiro in Flyers zone.
19:02 of 2nd period - Minor Penalty to Matt Smaby for High sticking.
19:03 of 2nd period - Matthew Lombardi wins face-off versus Jonathan Toews in Flyers zone.
19:13 of 2nd period - Backhand shot by Wojtek Wolski.
19:13 of 2nd period - Goal by Wojtek Wolski - Bruins : 1 - Flyers : 1.
19:14 of 2nd period - Jeff Carter wins face-off versus Jonathan Toews in neutral zone.
19:17 of 2nd period - Slapshot by Matt Smaby.
19:17 of 2nd period - Shot Blocked by Jason Demers.
19:29 of 2nd period - Snap shot by Jonathan Toews.
19:29 of 2nd period - Stopped by Steve Mason with a rebound.
Goals for this period are 1 for Bruins vs 1 for Flyers.
Shots for this period are 17 for Bruins vs 13 for Flyers.
3rd period
0:01 of 3rd period - Kyle Wellwood wins face-off versus Jonathan Toews in neutral zone.
0:04 of 3rd period - Kyle Wellwood is hit by Wojtek Wolski.
0:14 of 3rd period - Snap shot by Kyle Wellwood.
0:14 of 3rd period - Stopped by Kevin Poulin with a rebound.
0:16 of 3rd period - Slapshot by Kyle Wellwood.
0:16 of 3rd period - Stopped by Kevin Poulin with a rebound.
0:33 of 3rd period - Slapshot by Oliver Ekman-Larsson.
0:33 of 3rd period - Shot Blocked by Brendan Smith.
1:13 of 3rd period - Nathan Horton is hit by Matthew Lombardi and loses puck.
1:27 of 3rd period - Snap shot by Kris Chucko.
1:27 of 3rd period - Stopped by Steve Mason without a rebound.
1:28 of 3rd period - Kyle Wellwood wins face-off versus Casey Cizikas in Flyers zone.
1:28 of 3rd period - Kyle Wellwood is hit by Mattias Tedenby.
1:45 of 3rd period - Slapshot by Mattias Tedenby.
1:45 of 3rd period - Deflect By Brock Nelson.
1:45 of 3rd period - Shot Blocked by Brock Nelson.
1:45 of 3rd period - Puck is out of play.
1:46 of 3rd period - Marcus Kruger wins face-off versus Jonathan Toews in Flyers zone.
2:28 of 3rd period - Minor Penalty to Shane O'Brien for Tripping.
2:29 of 3rd period - Jeff Carter wins face-off versus Wojtek Wolski in Bruins zone.
2:34 of 3rd period - Snap shot by Jakub Voracek.
2:34 of 3rd period - Deflect By Jeff Carter.
2:34 of 3rd period - Shot Misses the Net.
2:34 of 3rd period - Puck is out of play.
2:35 of 3rd period - Wojtek Wolski wins face-off versus Jeff Carter in Bruins zone.
3:02 of 3rd period - Nathan Horton is hit by Jeff Woywitka and loses puck.
3:11 of 3rd period - Slapshot by Marcus Kruger.
3:11 of 3rd period - Shot Misses the Net.
4:27 of 3rd period - J.T. Miller is hit by Kevin Bieksa and loses puck.
4:28 of 3rd period - Penalty to Shane O'Brien is over, Shane O'Brien is back on ice.
4:44 of 3rd period - Jonathan Ericsson is hit by T.J Galiardi and loses puck.
6:55 of 3rd period - Kevin Bieksa is hit by Ryan Callahan and loses puck.
7:06 of 3rd period - Rene Bourque is hit by Jakub Voracek and loses puck.
7:19 of 3rd period - Slapshot by Brendan Smith.
7:19 of 3rd period - Shot Misses the Net.
7:21 of 3rd period - Snap shot by Jonathan Toews.
7:21 of 3rd period - Shot Blocked by J.T. Miller.
7:23 of 3rd period - Slapshot by Nathan Horton.
7:23 of 3rd period - Deflect By Jonathan Toews.
7:23 of 3rd period - Shot Misses the Net.
7:23 of 3rd period - Puck is out of play.
7:24 of 3rd period - Jonathan Toews wins face-off versus Kyle Wellwood in Flyers zone.
7:31 of 3rd period - Wrist shot by Nathan Horton.
7:31 of 3rd period - Shot Blocked by Oliver Ekman-Larsson.
7:43 of 3rd period - Snap shot by Jonathan Toews.
7:43 of 3rd period - Shot Hit the Post.
7:45 of 3rd period - Slapshot by Jason Demers.
7:45 of 3rd period - Stopped by Steve Mason with a rebound.
8:02 of 3rd period - Kyle Wellwood is hit by Wojtek Wolski and loses puck.
8:19 of 3rd period - Wrist shot by Wojtek Wolski.
8:19 of 3rd period - Stopped by Steve Mason with a rebound.
8:27 of 3rd period - Snap shot by Jonathan Toews.
8:27 of 3rd period - Stopped by Steve Mason with a rebound.
8:29 of 3rd period - Backhand shot by Nathan Horton.
8:29 of 3rd period - Shot Misses the Net.
8:31 of 3rd period - Wrist shot by Nathan Horton.
8:31 of 3rd period - Stopped by Steve Mason without a rebound.
8:32 of 3rd period - Marcus Kruger wins face-off versus Mike Ribeiro in Flyers zone.
8:36 of 3rd period - Off-side.
8:37 of 3rd period - Marcus Kruger wins face-off versus Mike Ribeiro in neutral zone.
10:35 of 3rd period - Icing by Kyle Wellwood.
10:36 of 3rd period - Matthew Lombardi wins face-off versus Casey Cizikas in Flyers zone.
10:36 of 3rd period - Matthew Lombardi is hit by Mattias Tedenby.
10:42 of 3rd period - Wrist shot by Oliver Ekman-Larsson.
10:42 of 3rd period - Deflect By Chris Mcallister.
10:42 of 3rd period - Shot Misses the Net.
10:42 of 3rd period - Puck is out of play.
10:43 of 3rd period - Matthew Lombardi wins face-off versus Jonathan Toews in Bruins zone.
11:08 of 3rd period - Kevin Bieksa is hit by Matthew Lombardi and loses puck.
11:21 of 3rd period - Oliver Ekman-Larsson is hit by Kevin Bieksa and loses puck.
11:34 of 3rd period - Jason Demers is hit by Nathan Beaulieu and loses puck.
11:55 of 3rd period - Torey Krug is hit by Jeff Carter and loses puck.
12:18 of 3rd period - Slapshot by Kyle Wellwood.
12:18 of 3rd period - Shot Blocked by Shane O'Brien.
12:20 of 3rd period - Snap shot by Kyle Wellwood.
12:20 of 3rd period - Stopped by Kevin Poulin without a rebound.
12:21 of 3rd period - Mike Ribeiro wins face-off versus Marcus Kruger in Bruins zone.
12:34 of 3rd period - Wrist shot by J.T. Miller.
12:34 of 3rd period - Stopped by Kevin Poulin without a rebound.
12:35 of 3rd period - Jonathan Toews wins face-off versus Jeff Carter in Bruins zone.
12:44 of 3rd period - Snap shot by Wojtek Wolski.
12:44 of 3rd period - Shot Blocked by Matt Smaby.
12:46 of 3rd period - Snap shot by Nathan Horton.
12:46 of 3rd period - Shot Hit the Post.
12:48 of 3rd period - Wrist shot by Jason Demers.
12:48 of 3rd period - Stopped by Steve Mason without a rebound.
12:49 of 3rd period - Marcus Kruger wins face-off versus Jonathan Toews in Flyers zone.
12:58 of 3rd period - Slapshot by Marcus Kruger.
12:58 of 3rd period - Stopped by Kevin Poulin without a rebound.
12:59 of 3rd period - Marcus Kruger wins face-off versus Jonathan Toews in Bruins zone.
13:42 of 3rd period - Snap shot by Marcus Kruger.
13:42 of 3rd period - Stopped by Kevin Poulin with a rebound.
13:44 of 3rd period - Wrist shot by Mats Zuccarello.
13:44 of 3rd period - Stopped by Kevin Poulin with a rebound.
13:46 of 3rd period - Slapshot by Brian Lashoff.
13:46 of 3rd period - Stopped by Kevin Poulin without a rebound.
13:47 of 3rd period - Jeff Carter wins face-off versus Mike Ribeiro in Bruins zone.
14:21 of 3rd period - Icing by Kevin Bieksa.
14:22 of 3rd period - Dave Bolland wins face-off versus Jeff Carter in Bruins zone.
14:34 of 3rd period - Slapshot by Oliver Ekman-Larsson.
14:34 of 3rd period - Deflect By Jakub Voracek.
14:34 of 3rd period - Stopped by Kevin Poulin with a rebound.
14:56 of 3rd period - Wrist shot by Jonathan Toews.
14:56 of 3rd period - Stopped by Steve Mason with a rebound.
14:58 of 3rd period - Snap shot by Jonathan Toews.
14:58 of 3rd period - Stopped by Steve Mason without a rebound.
14:59 of 3rd period - Wojtek Wolski wins face-off versus Jeff Carter in Flyers zone.
15:00 of 3rd period - Snap shot by Nathan Horton.
15:00 of 3rd period - Shot Misses the Net.
15:16 of 3rd period - Slapshot by Jonathan Toews.
15:16 of 3rd period - Shot Misses the Net.
15:57 of 3rd period - Slapshot by Mats Zuccarello.
15:57 of 3rd period - Goal by Mats Zuccarello - Bruins : 1 - Flyers : 2.
15:58 of 3rd period - Kyle Wellwood wins face-off versus Jonathan Toews in neutral zone.
16:45 of 3rd period - Slapshot by Nathan Beaulieu.
16:45 of 3rd period - Stopped by Kevin Poulin with a rebound.
16:51 of 3rd period - J.T. Miller is hit by Scott Hartnell.
17:07 of 3rd period - Wrist shot by Kris Chucko.
17:07 of 3rd period - Shot Misses the Net.
17:29 of 3rd period - Snap shot by Jonathan Toews.
17:29 of 3rd period - Stopped by Steve Mason with a rebound.
17:56 of 3rd period - Minor Penalty to T.J Galiardi for Holding Stick.
17:57 of 3rd period - Jeff Carter wins face-off versus Wojtek Wolski in Bruins zone.
18:32 of 3rd period - Slapshot by Jeff Woywitka.
18:32 of 3rd period - Stopped by Kevin Poulin without a rebound.
18:33 of 3rd period - Victor Oreskovich wins face-off versus Marcus Kruger in Bruins zone.
18:33 of 3rd period - Victor Oreskovich is hit by Marcus Kruger.
18:41 of 3rd period - J.T. Miller is hit by Torey Krug.
19:47 of 3rd period - Mats Zuccarello is hit by Torey Krug.
19:56 of 3rd period - Penalty to T.J Galiardi is over, T.J Galiardi is back on ice.
19:57 of 3rd period - Jakub Voracek is hit by T.J Galiardi and loses puck.
Goals for this period are 0 for Bruins vs 1 for Flyers.
Shots for this period are 9 for Bruins vs 12 for Flyers.
Back to the Top